 Dungeon Crawl Stone Soup version 0.27.1 (webtiles) character file.

Game seed: 13587596119284283307

202 oldmanjim the Shield-Bearer (level 5, -8/47 HPs)
             Began as a Minotaur Fighter on Aug 28, 2021.
             Mangled by a gnoll (11 damage)
             ... on level 4 of the Dungeon.
             The game lasted 00:07:45 (2654 turns).

oldmanjim the Shield-Bearer (Minotaur Fighter)      Turns: 2654, Time: 00:07:46

Health: -8/47      AC:  7    Str: 21    XL:     5   Next: 50%
Magic:  4/4        EV:  8    Int:  5    God:
Gold:   34         SH: 11    Dex: 16    Spells: 4/4 levels left

rFire    . . .     SeeInvis .   a - +0 war axe
rCold    + . .     Faith    .   c - +0 kite shield
rNeg     . . .     Spirit   .   b - +0 scale mail
rPois    .         Reflect  .   (helmet restricted)
rElec    .         Harm     .   (no cloak)
rCorr    .         Rampage  .   (no gloves)
Will     .....                  (no boots)
Stlth    ..........             (no amulet)
HPRegen  0.15/turn              j - +6 ring of dexterity
MPRegen  0.09/turn              q - ring of protection from cold

@: no status effects
A: horns 2, retaliatory headbutt
a: no special abilities


You were on level 4 of the Dungeon.
You visited 1 branch of the dungeon, and saw 4 of its levels.

You collected 34 gold pieces.

Inventory:

Hand Weapons
 a - a +0 war axe (weapon)
Missiles
 g - 55 stones
 i - 19 bolts
 l - 65 arrows
 s - 11 poisoned darts (quivered)
Armour
 b - a +0 scale mail (worn)
 c - a +0 kite shield (worn)
 m - a +0 plate armour
Jewellery
 j - a +6 ring of dexterity (left hand)
 q - a ring of protection from cold (right hand)
Scrolls
 e - 3 scrolls of teleportation {unknown}
 h - 3 scrolls of identify {unknown}
 o - a scroll of magic mapping {unknown}
 p - a scroll of enchant armour {unknown}
 r - a scroll of noise {unknown}
Potions
 d - 2 potions of might
 f - 3 potions of haste {unknown}
 k - 2 potions of flight {unknown}
 n - 2 potions of curing {unknown}


   Skills:
 + Level 4.8 Fighting
 + Level 3.7 Axes
 - Level 4.0 Armour
 - Level 6.0 Shields


You had 4 spell levels left.
You didn't know any spells.
Your spell library was empty.

Dungeon Overview and Level Annotations

Branches:
Dungeon (4/15)
 Temple: D:4-7

Altars:
Fedhas


Innate Abilities, Weirdness & Mutations

You have a pair of horns on your head.
You reflexively headbutt those who attack you in melee.


Message History

You block the slug dart. You block the gnoll's attack.
You hit the gnoll.
The gnoll is moderately wounded.
You slash the gnoll!
You kill the gnoll!
You slash the dart slug! The gnoll hits you but does no damage.
You block the gnoll's attack.
The dart slug bites you but does no damage.
The gnoll hits you but does no damage. You block the gnoll's attack.
You completely miss the gnoll. You headbutt the gnoll.
The gnoll is moderately wounded.
You hit the dart slug.
You kill the dart slug!
The gnoll hits you from afar with a +0 halberd.
The gnoll hits you but does no damage.
You closely miss the gnoll.
You headbutt the gnoll, but do no damage.
The gnoll is moderately wounded.
The gnoll hits you from afar with a +0 halberd!
The gnoll hits you with a +0 club.
The gnoll hits you from afar with a +0 halberd.
* * * LOW HITPOINT WARNING * * *
The gnoll hits you with a +0 club.
* * * LOW HITPOINT WARNING * * *
You hit the gnoll. Your headbutt misses the gnoll.
The gnoll is severely wounded.
You hit the gnoll but do no damage. Your headbutt misses the gnoll.
The gnoll is severely wounded.
You block the gnoll's attack. x2
A quokka comes into view.
You slash the gnoll!
You kill the gnoll!
Found a hand axe.
You block the gnoll's attack.
You hit the gnoll.
The gnoll is moderately wounded.
The gnoll hits you with a +0 halberd!
* * * LOW HITPOINT WARNING * * *
The gnoll hits you with a +0 halberd!
You die...

## #... #. #. ...#
###. #### #.
...#### ..... ..#
#......... )....
#.#####.....).
......#.......#...
.$....#....# #..#
......†).<# #.#
..g..#...# ##@#
... #†.####rg# w
#..g.##.##
#.##.#..#
#>.##.w.##
#.......#
#...###... ...#.
####.# .### ..


You could see a gnoll, a dart slug and a quokka.

Vanquished Creatures
  A hound (D:4)
  Jessica (D:2)
  An iguana (D:3)
  2 gnolls (D:4)
  3 adders
  2 dart slugs
  An orc (D:3)
  9 ball pythons
  3 endoplasms
  8 giant cockroaches
  5 goblins
  6 hobgoblins
  4 jackals (D:1)
  6 kobolds
  4 quokkas
  2 bats
  5 frilled lizards
  8 rats
  A spectral kobold (D:1)
72 creatures vanquished.

Notes
Turn   | Place    | Note
-------+----------+-------------------------------------------
     0 | D:1      | oldmanjim the Minotaur Fighter began the quest for the Orb.
     0 | D:1      | Reached XP level 1. HP: 19/19 MP: 0/0
   256 | D:1      | Reached XP level 2. HP: 21/27 MP: 1/1
   338 | D:1      | Reached skill level 4 in Shields
   691 | D:1      | Found a faded altar of an unknown god.
   725 | D:1      | Reached XP level 3. HP: 32/33 MP: 2/2
  1046 | D:2      | Reached skill level 5 in Shields
  1115 | D:2      | Found a blossoming altar of Fedhas.
  1271 | D:2      | Noticed Jessica
  1277 | D:2      | Killed Jessica
  1278 | D:2      | Reached XP level 4. HP: 30/40 MP: 3/3
  1760 | D:3      | Reached skill level 6 in Shields
  2018 | D:3      | Reached XP level 5. HP: 14/47 MP: 4/4
  2654 | D:4      | Mangled by a gnoll

Illustrated notes

Levels and vault maps discovered:
D:1:      sevenhm_arrival_forest_fort_small_6, layout_rooms,
          dreamdust_ecumenical_altar_drowned_temple
D:2:      layout_loops_cross, basic_altar, uniq_jessica
D:3:      layout_loops_cross, serial_forest, infiniplex_forest_clump_small,
          infiniplex_forest_straight_4, infiniplex_forest_clump_C,
          infiniplex_forest_lined_corner, infiniplex_forest_lined_room_2,
          infiniplex_forest_straight_3, roderic_nine_men_s_morris
D:4:      layout_rooms, cheibrodos_sewer_entry_drain, nzn_random_ring

Skill      XL: |  1  2  3  4 |
---------------+-------------+-----
Fighting       | 4 |  4.8
Shields        | 4 5 6 |  6.0
Armour         | 4 |  4.0
Axes           | 3 |  3.7

Action                   |  1- 3 |  4- 6 || total
-------------------------+-------+-------++-------
Melee: War axe           |    87 |    76 ||   163
       Headbutt          |    14 |    15 ||    29
Armor: Scale mail        |    34 |    36 ||    70
Dodge: Dodged            |    20 |    17 ||    37
Block: Kite shield       |    49 |    52 ||   101
